Map: New Repugnancy LE

Players

pHARM

  • Race: Zerg Zerg
  • League: Platinum
  • Spawn Location: 1:00

MetriC - Winner!

  • Race: Protoss Protoss
  • League: Platinum
  • Spawn Location: 7:00

VOD

Have the link to the VOD?

Description

Time

  • Played on: July 29, 2019, 3:54 p.m.
  • Length: 7:26
Show
View Real Time Build Order
Export as new Build Order

pHARM Zerg 

Build Orders: Hatch First, Swarm Host 

Get SALT Encoding   

  12  0:01  Drone  
  13  0:08  Drone  
  14  0:17  Overlord  
  14  0:36  Drone x2  
  16  0:51  Hatchery  
  16  0:54  Drone  
  16  0:56  Drone  
  17  1:17  Spawning Pool  
  16  1:28  Drone x2  
  18  2:03  Zergling x2  
  18  2:04  Zergling x4  
  21  2:11  Queen, Spine Crawler  
  21  2:12  Spine Crawler  
  21  2:17  Extractor  
  20  3:27  Lair  
  20  3:35  Hatchery  
  19  3:43  Spine Crawler  
  19  3:46  Spine Crawler  
  17  4:10  Zergling x2  
  17  4:11  Zergling x6  
  20  4:40  Drone  
  20  4:41  Drone  
  21  4:48  Zergling x8  
  25  4:59  Spine Crawler  
  23  5:03  Spine Crawler  
  23  5:06  Infestation Pit  
  21  5:12  Extractor  
  20  5:17  Queen  
  20  5:19  Queen  
  22  5:42  Swarm Host x2  
  26  5:53  Queen  
  27  5:57  Overlord x2  
  27  6:15  Swarm Host x2  
  33  6:39  Swarm Host  
  32  6:54  Swarm Host  
Show
View Real Time Build Order
Export as new Build Order

MetriC Protoss - Winner!

Build Orders:  

Get SALT Encoding   

  1  0:00  Probe  
  12  0:06  Probe  
  14  0:21  Probe  
  14  0:22  Pylon  
  15  0:40  Forge  
  15  1:00  Pylon  
  15  1:01  Pylon  
  15  1:02  Pylon  
  15  1:09  Pylon  
  15  1:10  Pylon  
  15  1:20  Photon Cannon  
  15  1:35  Pylon  
  15  1:54  Gateway  
  15  1:59  Probe, Pylon  
  15  2:04  Assimilator  
  15  2:07  Probe  
  15  2:08  Assimilator  
  17  2:16  Probe  
  17  2:17  Photon Cannon  
  18  2:31  Photon Cannon  
  18  2:38  Photon Cannon  
  18  2:47  Photon Cannon  
  18  2:56  Cybernetics Core  
  18  3:04  Zealot  
  18  3:15  Photon Cannon  
  18  3:19  Probe  
  20  3:21  Gateway  
  21  3:27  Probe  
  22  3:36  Probe  
  22  3:38  Shield Battery  
  23  3:47  Pylon  
  23  3:48  Probe  
  22  4:00  Probe  
  23  4:02  Stalker  
  23  4:05  Shield Battery  
  23  4:08  Shield Battery  
  23  4:12  Stalker  
  27  4:24  Pylon  
  27  4:34  Photon Cannon  
  27  4:44  Stalker x2, Pylon  
  31  4:54  Shield Battery  
  31  5:04  Shield Battery  
  31  5:09  Probe  
  32  5:14  Stalker  
  34  5:28  Warp Gate  
  34  5:35  Stalker  
  36  6:01  Shield Battery x2  
  36  6:05  Gateway  
  36  6:06  Stalker x2  
  40  6:12  Pylon  
  38  6:36  Stalker x2  
  42  6:57  Shield Battery  
  42  6:58  Shield Battery  
  40  7:17  Stalker x2  
  40  7:18  Stalker  
Tags
 
Composition
Swarm Host
Matchup
PvZ
Replay Pack
10.7.19
Spawn Locations
Cross Positions
Add a new tag
Caveats
  • Supply blocks, unpowered buildings, or Contaminate may cause inaccurate times.
  • Supply counts are checked every 10 seconds.